Map: [ESL] Babylon

Players

Spirit - Winner!

  • Race: Terran Terran

Zoun

  • Race: Protoss Protoss

Event: IEM Katowice 2023

VOD

Have the link to the VOD?

Description

Time

  • Played on: Feb. 8, 2023, 4:25 p.m.
  • Length: 18:09

All games in this series

Show
View Real Time Build Order
Export as new Build Order

Spirit Terran - Winner!

Build Orders:  

Get SALT Encoding   

  12  0:00  SCV  
  13  0:12  SCV  
  14  0:17  Supply Depot  
  14  0:24  SCV  
  15  0:38  SCV  
  15  0:40  Barracks  
  16  0:44  Refinery  
  16  0:50  SCV  
  17  1:02  SCV  
  18  1:15  SCV  
  19  1:26  Marine  
  19  1:27  Orbital Command  
  20  1:43  Command Center  
  20  1:46  Reaper  
  21  1:54  Supply Depot  
  21  1:57  SCV  
  22  2:07  Factory  
  22  2:09  SCV  
  23  2:15  Bunker  
  23  2:21  SCV  
  24  2:23  Marine  
  25  2:31  Refinery  
  25  2:33  SCV  
  26  2:41  Marine  
  27  2:46  SCV  
  28  2:56  Starport, Hellion  
  28  2:58  SCV  
  31  3:00  Barracks Reactor  
  31  3:04  Orbital Command  
  31  3:10  SCV  
  32  3:17  Widow Mine  
  34  3:22  SCV  
  34  3:31  SCV  
  35  3:34  Medivac, SCV  
  35  3:39  Widow Mine  
  35  3:40  Marine  
  41  3:41  Marine  
  41  3:43  Supply Depot  
  41  3:44  SCV  
  41  3:46  SCV  
  44  3:50  Supply Depot  
  44  3:56  SCV  
  44  3:57  Marine  
  46  4:04  Factory Tech Lab  
  46  4:05  SCV  
  46  4:06  Starport Tech Lab  
  46  4:08  SCV  
  48  4:10  Marine  
  48  4:20  Command Center  
  48  4:21  SCV  
  48  4:24  Siege Tank  
  52  4:26  Raven  
  52  4:29  SCV  
  52  4:31  Marine  
  56  4:33  Marine, SCV  
  56  4:38  Supply Depot  
  58  4:40  Bunker  
  58  4:41  SCV  
  59  4:48  Marine  
  59  4:50  SCV  
  59  4:52  Barracks  
  61  4:55  SCV  
  61  4:59  Marine  
  66  5:00  Siege Tank  
  66  5:02  SCV  
  66  5:03  Supply Depot  
  66  5:06  Barracks  
  67  5:08  SCV  
  67  5:14  Marine, SCV  
  70  5:22  Refinery  
  70  5:23  Refinery  
  70  5:25  SCV  
  70  5:26  SCV  
  70  5:27  Supply Depot  
  72  5:31  Engineering Bay  
  72  5:32  Engineering Bay  
  72  5:37  SCV  
  72  5:38  Marine, SCV  
  72  5:39  Orbital Command  
  72  5:45  Marine  
  72  5:49  SCV  
  68  5:50  SCV  
  68  5:55  Stimpack  
  68  5:56  Combat Shield, Starport Reactor  
  69  5:57  Marauder x2  
  69  5:59  Marine  
  69  6:01  SCV  
  69  6:02  SCV  
  76  6:10  Marine  
  75  6:13  SCV  
  75  6:14  SCV  
  76  6:18  Factory Reactor  
  76  6:19  Marauder  
  76  6:24  Marine, Marauder  
  80  6:26  SCV x2  
  80  6:28  Marine  
  83  6:36  Armory  
  83  6:37  Terran Infantry Armor Level 1, Terran Infantry Weapons Level 1  
  83  6:38  SCV x2  
  83  6:39  Medivac  
  86  6:40  Marauder  
  86  6:42  Marine  
  86  6:46  Marine, Orbital Command, Marauder  
  92  6:53  Medivac  
  94  6:54  Barracks, Widow Mine  
  94  6:55  Barracks  
  94  6:57  Widow Mine  
  98  7:01  Marauder  
  98  7:02  SCV  
  98  7:07  Supply Depot x2  
  101  7:09  Supply Depot  
  101  7:15  Concussive Shells  
  101  7:28  Medivac  
  101  7:29  Widow Mine x2, Medivac, SCV x3  
  112  7:35  Bunker  
  112  7:37  Bunker  
  112  7:39  Marine  
  112  7:40  Marauder  
  112  7:41  SCV x3, Barracks Reactor  
  112  7:42  Missile Turret  
  118  7:52  Marine  
  118  7:53  SCV x3  
  118  7:56  Marine  
  116  7:58  Medivac  
  116  8:03  Barracks Tech Lab  
  116  8:05  Ghost Academy, SCV x3  
  116  8:07  Refinery x2  
  116  8:08  Marine, Supply Depot  
  116  8:09  Supply Depot  
  112  8:17  SCV x3  
  114  8:20  Widow Mine  
  114  8:21  Widow Mine  
  114  8:24  Medivac  
  116  8:29  SCV x3  
  119  8:34  Supply Depot  
  119  8:35  Supply Depot  
  119  8:37  Ghost  
  119  8:38  Ghost  
  123  8:41  SCV x2  
  123  8:42  Marine x2, Ghost, Widow Mine  
  123  8:43  Marine  
  123  8:44  Widow Mine  
  123  8:47  SCV  
  134  8:53  Terran Infantry Weapons Level 2, SCV x2  
  134  8:55  Marine  
  137  9:00  Marine  
  138  9:07  Marauder, Command Center, Viking  
  138  9:09  Sensor Tower  
  142  9:10  Marine  
  142  9:16  Terran Infantry Armor Level 2  
  143  9:19  Marine, Marauder  
  143  9:23  SCV x2  
  140  9:25  SCV  
  140  9:27  Marine  
  142  9:35  SCV  
  142  9:36  SCV  
  142  9:37  SCV  
  142  9:38  Missile Turret  
  145  9:39  Marine  
  145  9:45  Marine, Marauder  
  149  9:47  SCV  
  149  9:48  SCV  
  149  9:49  SCV  
  152  9:54  Medivac x2  
  152  9:55  Factory Tech Lab  
  152  9:59  SCV  
  157  10:01  Terran Vehicle Weapons Level 1  
  157  10:05  Supply Depot x2  
  157  10:06  Supply Depot x2  
  157  10:18  Ghost  
  157  10:19  Siege Tank, Marauder x2, SCV x3  
  169  10:24  Marine  
  170  10:31  SCV x3  
  171  10:38  Medivac  
  171  10:39  Medivac  
  171  10:41  Marauder x2  
  177  10:46  Marine, SCV  
  177  10:47  Ghost  
  177  10:48  Marine  
  181  10:51  Siege Tank  
  181  10:54  Marine  
  181  10:55  Marine  
  186  11:01  Ghost  
  186  11:02  Marauder  
  186  11:03  Marine  
  191  11:06  Marine  
  191  11:08  Viking  
  191  11:09  Viking  
  196  11:12  Marine  
  196  11:13  Marine  
  196  11:16  Ghost  
  198  11:23  Siege Tank  
  198  11:25  Planetary Fortress  
  199  11:27  SCV x3  
  199  11:32  Command Center  
  200  11:33  Terran Infantry Weapons Level 3  
  200  11:52  Refinery  
  200  11:53  Ghost, Refinery  
  198  12:01  Sensor Tower  
  196  12:03  Ghost  
  196  12:08  Ghost  
  195  12:21  Ghost  
  181  12:24  Marine  
  181  12:26  Marine  
  181  12:27  Marine  
  166  12:30  Liberator  
  166  12:31  Marine, Liberator  
  166  12:32  Marauder  
  166  12:35  Barracks  
  165  12:37  Marauder  
  165  12:42  Marine  
  164  12:44  Marine  
  164  12:45  Marine  
  164  12:49  Marine  
  164  12:51  Marauder  
  168  12:53  Marine  
  168  12:55  Terran Vehicle Weapons Level 2, Terran Infantry Armor Level 3  
  169  12:59  Marauder  
  169  13:00  Marine  
  169  13:02  Marine  
  169  13:03  Marine  
  172  13:08  Marine  
  172  13:11  Marine, Ghost  
  163  13:17  SCV  
  163  13:18  Marine  
  163  13:19  Ghost  
  166  13:20  SCV  
  168  13:29  Sensor Tower, Ghost  
  168  13:31  Marine x2, SCV, Missile Turret  
  173  13:43  Starport  
  173  13:44  Factory Tech Lab  
  173  13:45  Fusion Core  
  173  13:46  Marine  
  173  13:47  Marauder  
  176  13:52  Marine  
  176  13:53  Marauder  
  179  14:00  Marine  
  179  14:01  Marine x2  
  182  14:04  Marine  
  182  14:07  Liberator x2  
  182  14:08  Marine  
  182  14:09  Refinery x2  
  191  14:10  Siege Tank, Marine, Marauder  
  191  14:14  Marine  
  191  14:15  Command Center  
  191  14:16  Planetary Fortress  
  196  14:18  Barracks x2  
  196  14:20  Sensor Tower, Missile Turret  
  196  14:22  Liberator  
  198  14:35  Liberator  
  198  14:36  Marauder  
  200  14:39  Advanced Ballistics  
  188  14:49  Liberator  
  188  14:50  Liberator  
  194  14:59  Ghost x2  
  194  15:00  Marine  
  194  15:02  Marine  
  200  15:13  Barracks Tech Lab x2, Command Center  
  200  15:15  Terran Vehicle And Ship Armor Level 1, Starport  
  198  15:30  Viking  
  198  15:32  Marine x3  
  198  15:33  Marine  
  200  15:38  Viking  
  200  15:41  Marine  
  193  15:43  Viking  
  194  15:52  Marine x2, Viking  
  194  15:54  Marine x2  
  200  15:59  Marine  
  197  16:13  Viking  
  190  16:21  Viking  
  190  16:24  Marine  
  180  16:25  Marine x5  
  180  16:26  Marine x4, Viking  
  188  16:35  Viking  
  190  16:42  Marine  
  190  16:43  Marine x7, Viking  
  200  16:49  Starport Reactor  
  200  16:51  Viking  
  181  16:55  Marine x2  
  181  16:56  Viking  
  181  16:59  Marine  
  181  17:01  Marine x7  
  168  17:04  Barracks  
  173  17:13  Marine x2  
  179  17:17  Marine  
  179  17:19  Marine x7  
  195  17:31  Marine, Ghost  
  195  17:33  Sensor Tower  
  195  17:35  Marine, Missile Turret  
  195  17:37  Marine  
Show
View Real Time Build Order
Export as new Build Order

Zoun Protoss 

Build Orders: 1 Gate Expand, Blink Stalkers, Carriers 

Get SALT Encoding   

  12  0:00  Probe  
  13  0:12  Probe  
  14  0:17  Pylon  
  14  0:24  Probe (Chrono Boost)  
  15  0:36  Probe (Chrono Boost)  
  15  0:38  Gateway  
  16  0:44  Probe (Chrono Boost)  
  16  0:46  Assimilator  
  17  0:51  Probe  
  18  1:03  Probe  
  19  1:15  Probe  
  20  1:25  Cybernetics Core, Zealot  
  22  1:41  Nexus  
  22  1:49  Pylon  
  22  1:50  Probe  
  23  2:01  Assimilator  
  23  2:05  Adept (Chrono Boost)  
  23  2:07  Probe  
  26  2:08  Warp Gate  
  26  2:19  Probe  
  27  2:24  Twilight Council  
  26  2:30  Adept (Chrono Boost)  
  26  2:32  Probe  
  29  2:44  Probe  
  28  2:53  Stalker (Chrono Boost)  
  28  2:55  Probe (Chrono Boost)  
  32  3:00  Probe (Chrono Boost)  
  32  3:03  Blink (Chrono Boost)  
  33  3:06  Probe (Chrono Boost)  
  33  3:10  Probe (Chrono Boost)  
  35  3:13  Probe (Chrono Boost)  
  36  3:20  Probe (Chrono Boost)  
  36  3:25  Probe (Chrono Boost)  
  36  3:26  Probe (Chrono Boost)  
  38  3:33  Probe  
  39  3:34  Probe  
  40  3:42  Gateway  
  40  3:46  Probe x2  
  40  3:47  Gateway  
  42  3:51  Robotics Facility  
  42  3:53  Pylon  
  42  3:58  Shield Battery, Probe  
  43  4:04  Stalker  
  45  4:15  Probe  
  46  4:23  Nexus  
  46  4:27  Pylon  
  46  4:29  Stalker  
  49  4:31  Probe x2  
  50  4:39  Warp Prism (Chrono Boost)  
  50  4:43  Stalker  
  54  4:48  Pylon  
  54  4:54  Probe x2  
  54  4:57  Stalker  
  54  4:59  Stalker  
  60  5:06  Assimilator  
  60  5:09  Assimilator  
  60  5:10  Observer (Chrono Boost), Stalker  
  60  5:13  Probe x2  
  65  5:16  Pylon  
  65  5:22  Templar Archives  
  65  5:25  Probe  
  66  5:29  Probe  
  66  5:31  Charge  
  67  5:36  Pylon  
  67  5:37  Probe  
  67  5:42  Observer, Probe, Stalker  
  71  5:47  Probe (Chrono Boost)  
  73  5:52  Probe (Chrono Boost), Stalker  
  73  5:53  Psionic Storm  
  73  5:55  Probe (Chrono Boost)  
  76  5:59  Probe (Chrono Boost)  
  79  6:05  Probe (Chrono Boost)  
  79  6:06  Probe x2 (Chrono Boost)  
  79  6:09  Probe (Chrono Boost)  
  80  6:13  Gateway x2  
  80  6:14  Probe  
  82  6:24  High Templar, Stalker  
  83  6:27  Probe x2 (Chrono Boost)  
  83  6:31  Probe (Chrono Boost)  
  83  6:37  Pylon  
  83  6:38  Probe (Chrono Boost)  
  83  6:39  Probe (Chrono Boost), Observer  
  86  6:42  High Templar, Probe (Chrono Boost)  
  86  6:43  Probe x2 (Chrono Boost)  
  86  6:46  Forge  
  90  6:49  Stalker  
  90  6:51  Probe  
  90  6:53  Probe, Observer  
  94  6:56  Observer  
  94  6:57  Pylon, Stalker  
  96  7:07  Gateway x2  
  96  7:10  Gateway  
  96  7:11  Forge  
  96  7:15  Shield Battery  
  96  7:19  Protoss Ground Weapons Level 1 (Chrono Boost)  
  96  7:25  Photon Cannon  
  96  7:26  High Templar, Photon Cannon  
  96  7:28  Zealot x2  
  102  7:31  Photon Cannon  
  102  7:38  Probe x3  
  102  7:40  Pylon  
  102  7:41  Pylon  
  105  7:44  Zealot, Sentry  
  105  7:45  Protoss Ground Armor Level 1 (Chrono Boost)  
  109  7:57  Probe  
  108  7:59  Probe  
  108  8:00  High Templar  
  108  8:02  Probe, Observer  
  112  8:06  Nexus  
  112  8:09  Probe  
  113  8:13  Zealot x3  
  113  8:15  High Templar  
  113  8:17  Probe x2  
  123  8:20  Archon  
  123  8:23  Pylon  
  123  8:25  Probe  
  124  8:29  Zealot x3, Probe  
  131  8:36  Probe  
  131  8:37  Probe  
  131  8:40  Assimilator  
  133  8:42  Assimilator  
  133  8:45  Pylon  
  133  8:46  High Templar  
  133  8:47  Robotics Bay  
  133  8:48  Probe x2  
  137  8:49  Shield Battery  
  137  8:50  Probe  
  137  8:51  Photon Cannon  
  138  8:55  Observer  
  138  8:57  Observer (Chrono Boost)  
  139  9:03  Pylon  
  139  9:04  Pylon  
  139  9:06  High Templar  
  139  9:09  Gateway x2  
  141  9:10  Immortal (Chrono Boost), Robotics Facility  
  141  9:15  Assimilator, Probe x3  
  141  9:17  Assimilator  
  148  9:24  Protoss Ground Weapons Level 2 (Chrono Boost)  
  148  9:28  High Templar  
  150  9:37  Observer  
  150  9:39  Observer  
  150  9:43  High Templar  
  152  9:47  Pylon  
  152  9:50  Archon  
  152  9:52  Archon  
  152  9:54  Nexus  
  152  10:02  Zealot x3  
  152  10:03  Zealot x4  
  152  10:05  Protoss Ground Armor Level 2  
  166  10:10  Pylon  
  164  10:18  Pylon  
  164  10:22  High Templar, Stargate  
  164  10:23  Photon Cannon  
  164  10:24  Probe  
  164  10:25  Photon Cannon, Probe x3  
  164  10:28  Shield Battery  
  170  10:31  Stalker x5  
  180  10:43  Observer  
  180  10:47  Zealot x4  
  184  10:50  Probe x3  
  182  10:58  Stalker  
  182  11:00  Pylon  
  182  11:02  Pylon  
  179  11:07  Stalker  
  179  11:08  Stalker x3  
  183  11:22  Stalker x6  
  195  11:30  Probe  
  196  11:39  Nexus, Phoenix (Chrono Boost)  
  196  11:42  Probe x2  
  192  11:47  Shield Battery  
  192  11:50  Photon Cannon  
  192  11:51  High Templar  
  192  11:52  Probe  
  192  11:53  Probe  
  196  11:58  Pylon  
  192  12:22  Zealot  
  168  12:24  Zealot  
  168  12:25  Zealot x7  
  172  12:32  Disruptor x2 (Chrono Boost)  
  172  12:34  Nexus  
  172  12:35  Observer  
  172  12:54  Probe x3  
  172  12:57  Observer  
  173  13:03  Disruptor x2 (Chrono Boost)  
  171  13:10  High Templar, Zealot  
  171  13:11  Zealot x8  
  185  13:15  Fleet Beacon, Stargate  
  185  13:17  Stargate  
  185  13:25  Archon  
  185  13:26  Observer  
  185  13:28  Pylon  
  185  13:31  Assimilator  
  185  13:33  Pylon, Protoss Ground Weapons Level 3, Protoss Ground Armor Level 3  
  185  13:38  Gravitic Boosters  
  185  13:50  Observer  
  185  13:54  Photon Cannon  
  185  13:55  Photon Cannon x2, Stalker x5  
  189  13:56  Stalker  
  189  13:58  Disruptor  
  200  14:10  Assimilator  
  200  14:20  Pylon  
  200  14:34  Carrier (Chrono Boost)  
  200  14:35  Gravitic Drive  
  200  14:39  Carrier (Chrono Boost)  
  166  14:47  Nexus  
  166  14:48  Sentry  
  166  14:49  Pylon, Zealot x9  
  166  14:51  Pylon, Carrier (Chrono Boost)  
  181  14:55  Observer (Chrono Boost)  
  181  14:56  Observer (Chrono Boost)  
  189  15:06  Probe x4  
  193  15:18  Probe  
  194  15:25  Pylon  
  194  15:29  Nexus, Carrier (Chrono Boost)  
  198  15:40  Stalker  
  180  15:53  High Templar x3  
  180  15:54  High Templar x3  
  180  15:55  High Templar x2  
  196  15:57  Archon  
  196  15:58  Archon x2  
  192  16:08  Carrier x2  
  147  16:28  Zealot x5  
  116  17:03  Observer  
  116  17:04  High Templar x2, Zealot  
  116  17:06  Probe x2  
  124  17:09  Archon  
  124  17:10  Carrier x2 (Chrono Boost)  
  136  17:16  Cybernetics Core  
  136  17:21  Pylon  
  136  17:30  Probe x3  
  136  17:35  Probe  
  140  17:42  Probe  
  141  17:45  Probe  
  141  17:51  High Templar x3  
  146  17:56  Robotics Facility  

Tags
 
Add a new tag
Caveats
  • Supply blocks, unpowered buildings, or Contaminate may cause inaccurate times.
  • Supply counts are checked every 10 seconds.